 Dungeon Crawl Stone Soup version 0.26.1-15-g04117e645d (webtiles) character file.

Game seed: 5057136555107246849

928 tkbsonic5 the Magician (level 7, 0/40 HPs)
             Began as a Deep Elf Air Elementalist on Dec 27, 2022.
             Slain by an ogre
             ... wielding a +0 giant club
              (12 damage)
             ... on level 5 of the Dungeon.
             The game lasted 00:26:53 (6945 turns).

tkbsonic5 the Magician (Deep Elf Air Elementalist)  Turns: 6945, Time: 00:26:53

Health: 0/40       AC: 10    Str:  5    XL:     7   Next: 85%
Magic:  3/17       EV: 15    Int: 20    God:
Gold:   385        SH:  0    Dex: 15    Spells: 2/17 levels left

rFire    + . .     SeeInvis +   v - +1 short sword (venom)
rCold    . . .     Faith    .   (no shield)
rNeg     . . .     Spirit   .   a - +1 robe
rPois    .         Reflect  .   g - +2 hat
rElec    .         Harm     .   (no cloak)
rCorr    .         Rampage  .   w - +2 pair of gloves
Will     .....                  L - +1 pair of boots {run}
Stlth    ++........             (no amulet)
HPRegen  0.13/turn              e - ring of see invisible
MPRegen  0.15/turn              u - ring of protection from fire

@: swift, very quick
A: dopey 1, sturdy frame 1
a: no special abilities


You were on level 5 of the Dungeon.
You visited 1 branch of the dungeon, and saw 5 of its levels.

You collected 385 gold pieces.

Inventory:

Hand Weapons
 b - a +0 dagger
 d - a +0 hunting sling
 h - a +0 short sword
 k - a +0 flail
 r - a +0 battleaxe of flaming
 v - a +1 short sword of venom (weapon)
 x - a +1 vorpal falchion
 D - a +0 dagger of venom
Missiles
 n - 24 arrows
 E - 56 bolts
 G - 26 poisoned darts
 J - 10 javelins
Armour
 a - a +1 robe (worn)
 g - a +2 hat (worn)
 j - a +0 chain mail
 o - a +0 scale mail
 p - a +0 ring mail
 q - a cursed +0 ring mail
 w - a +2 pair of gloves (worn)
 H - a +0 pair of boots
 L - a +1 pair of boots of running (worn)
Jewellery
 e - a ring of see invisible (left hand)
 l - an uncursed ring of fire
 u - a ring of protection from fire (right hand)
Wands
 c - a wand of iceblast (13)
 s - a wand of digging (3)
Scrolls
 m - 4 scrolls of remove curse
Potions
 f - 3 potions of curing
 A - 2 potions of ambrosia
 B - 2 potions of attraction
 C - a potion of flight
 F - a potion of lignification


   Skills:
 * Level 2.9 Fighting
 * Level 2.7 Short Blades
 + Level 4.7 Dodging
 - Level 3.5 Stealth
 * Level 5.5 Spellcasting
 * Level 3.5 Conjurations
 * Level 4.5 Air Magic
 * Level 2.1 Evocations


You had 2 spell levels left.
You knew the following spells:

 Your Spells              Type           Power        Failure   Level
a - Shock                 Conj/Air       84%          2%          1
b - Swiftness             Air            23%          2%          2
c - Static Discharge      Conj/Air       21%          6%          3
d - Airstrike             Air            11%          17%         4
e - Lightning Bolt        Conj/Air       10%          52%         5

Your spell library contained the following spells:

 Spells                   Type           Power        Failure   Level


Dungeon Overview and Level Annotations

Branches:
Dungeon (5/15)             Temple (0/1) D:4

Altars:
Cheibriados
Fedhas
Nemelex Xobeh
Sif Muna
Trog
Zin
The Shining One

Annotations:
D:3 1 runed translucent door, b960's ghost, amateur GrFE


Innate Abilities, Weirdness & Mutations

You are dopey. (Int -2)
Your movements are slightly less encumbered by armour. (ER -2)


Message History

The hound is struck by an arc of lightning!
The hound is almost dead.
You are struck by an arc of lightning.
The lightning grounds out.
The hound closely misses you. x2
The hound is struck by an arc of lightning.
You kill the hound!
Something is struck by an arc of lightning.
The ogre is struck by an arc of lightning!
The ogre is almost dead.
You are struck by an arc of lightning.
The ogre is struck by an arc of lightning.
The ogre is almost dead.
The lightning grounds out.
The ogre hits you with a +0 giant club!!
Ouch! That really hurt!
* * * LOW HITPOINT WARNING * * *
Casting: Static Discharge (dangerous; 6% risk of failure)
Confirm with . or Enter, or press ? or * to list all spells.
You feel quick. The ogre hits you with a +0 giant club!
You die...

...)...#.......#........
..)....#................
.......#................
.......#................
########.......#........
#....#############
######.##..# ......
#.......#..####......
#.......##.#@#.......
#.........#.#O.Y.(...
#.......##.#.#.......
#.......#..####......
#.......#..# ......
#.......#### #####
#........ #........
#........


You could see an ice beast and an ogre.

Vanquished Creatures
  An ogre (D:4)
  3 big kobolds (D:5)
  Blork the orc (D:4)
  A scorpion (D:5)
  3 orc priests
  2 hounds
  3 orc wizards
  2 worker ants
  A worker ant zombie (D:5)
  A gnoll (D:1)
  10 adders
  3 shadow imps
  An ooze (D:1)
  3 adder skeletons (D:4)
  2 worms (D:2)
  3 leopard geckos
  14 orcs
  6 bats
  A giant cockroach (D:3)
  9 goblins
  6 hobgoblins
  6 jackals
  7 ball pythons (D:2)
  A ball python zombie (D:5)
  5 frilled lizards
  9 kobolds
  6 rats
110 creatures vanquished.

Vanquished Creatures (others)
  11 toadstools (D:5)
11 creatures vanquished.

Grand Total: 121 creatures vanquished

Notes
Turn   | Place    | Note
-------+----------+-------------------------------------------
     0 | D:1      | tkbsonic5 the Deep Elf Air Elementalist began the quest for
                  | the Orb.
     0 | D:1      | Reached XP level 1. HP: 10/10 MP: 6/6
   381 | D:1      | Reached XP level 2. HP: 6/16 MP: 0/8
   451 | D:1      | Learned a level 2 spell: Swiftness
  1185 | D:1      | Reached XP level 3. HP: 19/20 MP: 7/9
  1189 | D:1      | Learned a level 3 spell: Static Discharge
  1577 | D:2      | Reached skill level 1 in Short Blades
  1666 | D:2      | Reached skill level 1 in Fighting
  2285 | D:2      | Reached XP level 4. HP: 17/25 MP: 9/11
  2934 | D:2      | Found a bloodstained altar of Trog.
  3500 | D:3      | Learned a level 4 spell: Airstrike
  3564 | D:3      | Reached XP level 5. HP: 29/29 MP: 7/12
  4001 | D:3      | Noticed b960's ghost (amateur GrFE)
  4237 | D:3      | Found a runed translucent door.
  4404 | D:3      | Reached skill level 4 in Spellcasting
  4485 | D:3      | Reached XP level 6. HP: 22/35 MP: 10/14
  4839 | D:4      | Noticed Blork the orc
  4843 | D:4      | Killed Blork the orc
  4941 | D:4      | Found a snail-covered altar of Cheibriados.
  4942 | D:4      | Found a glowing golden altar of the Shining One.
  5299 | D:4      | Found a blossoming altar of Fedhas.
  5588 | D:4      | Reached XP level 7. HP: 32/40 MP: 6/16
  5875 | D:4      | Learned a level 5 spell: Lightning Bolt
  5913 | D:4      | Found a glowing silver altar of Zin.
  5919 | D:4      | Found a shimmering blue altar of Sif Muna.
  5970 | D:4      | Found a staircase to the Ecumenical Temple.
  5986 | D:3      | Identified a +0 pair of boots of running (You found it on
                  | level 4 of the Dungeon)
  6106 | D:5      | Entered Level 5 of the Dungeon
  6110 | D:5      | Found a sparkling altar of Nemelex Xobeh.
  6317 | D:5      | Reached skill level 1 in Evocations
  6469 | D:5      | Reached skill level 5 in Spellcasting
  6722 | D:5      | Gained mutation: You are dopey. (Int -2) [potion of
                  | mutation]
  6722 | D:5      | Gained mutation: Your movements are slightly less
                  | encumbered by armour. (ER -2) [potion of mutation]
  6945 | D:5      | Slain by an ogre

Illustrated notes

Levels and vault maps discovered:
D:1:      lemuel_arrival_rhombus, layout_basic, roderic_serpentine_path,
          minmay_misc_feat_tower
D:2:      layout_loops_ring, bloody_trog, hex_medium, st_stairs_1,
          minmay_snake_closets
D:3:      layout_loops_ring, hellmonk_ghost_happy_afterlife,
          kennysheep_cross_bottleneck
D:4:      layout_basic, nicolae_overflow_hidden_temple,
          minmay_temple_entry_glass, uniq_blork_the_orc
D:5:      cheibrodos_fertilizer, layout_basic, kennysheep_little_box,
          wad_rectangle_vault

Skill      XL: |  1  2  3  4  5  6  7 |
---------------+----------------------+-----
Short Blades   | 1 2 |  2.7
Fighting       | 1 2 |  2.9
Dodging        | 3 4 |  4.7
Stealth        | 3 |  3.5
Conjurations   | 2 3 |  3.5
Spellcasting   | 4 5 |  5.5
Air Magic      | 4 |  4.5
Evocations     | 2 |  2.1

Action                   |  1- 3 |  4- 6 |  7- 9 || total
-------------------------+-------+-------+-------++-------
Melee: Dagger            |     3 |       |       ||     3
       Short sword       |     7 |    47 |    24 ||    78
 Cast: Shock             |    59 |    98 |    23 ||   180
       Static Discharge  |     4 |    15 |    14 ||    33
       Swiftness         |     1 |     2 |     3 ||     6
       Airstrike         |       |     4 |     5 ||     9
  Use: Scroll            |       |    14 |    10 ||    24
       Potion            |       |     5 |     7 ||    12
 Stab: Sleeping          |     2 |     9 |       ||    11
       Invisible         |       |       |     1 ||     1
Armor: Robe              |     5 |    22 |    13 ||    40
       Skin              |       |       |     2 ||     2
Dodge: Dodged            |    22 |    59 |    39 ||   120
